 Dungeon Crawl Stone Soup version 0.31-a0-596-g831eee08f1 (webtiles) character file.

Game seed: 1500489545882453099

5096 Babbit the Cleaver (level 10, -4/90 HPs)
             Began as a Minotaur Fighter on Aug 20, 2023.
             Was a Priest of Okawaru.
             Slain by a catoblepas (16 damage)
             ... on level 9 of the Dungeon.
             The game lasted 00:32:38 (9690 turns).

Babbit the Cleaver (Minotaur Fighter)               Turns: 9690, Time: 00:32:38

Health: -4/90      AC: 14    Str: 24    XL:     10   Next: 32%
Magic:  10/10      EV:  4    Int:  5    God:    Okawaru [***...]
Gold:   471        SH:  5    Dex: 11    Spells: 9/9 levels left

rFire   . . .        a - +0 war axe
rCold   . . .        c - +0 buckler
rNeg    . . .        h - +0 plate armour
rPois   .            (helmet restricted)
rElec   .            (no cloak)
rCorr   .            (no gloves)
SInv    .            (no boots)
Will    .....        (no amulet) Stlth
                     y - ring of wizardry
HPRegen 0.35/turn    (no ring)
MPRegen 0.12/turn

%: wizardry (x1)
@: petrifying (expiring), very slow
A: horns 2, retaliatory headbutt
a: Renounce Religion, Heroism


You were on level 9 of the Dungeon.
You worshipped Okawaru.
Okawaru was most pleased with you.
You visited 2 branches of the dungeon, and saw 10 of its levels.
You also visited: Sewer and Ossuary.

You collected 471 gold pieces.

Inventory:

Hand Weapons
 a - a +0 war axe (weapon)
Armour
 c - a +0 buckler (worn)
 h - a +0 plate armour (worn)
Jewellery
 y - a ring of wizardry (left hand)
Wands
 o - a wand of digging (5)
 q - a wand of roots (22)
 B - a wand of quicksilver (15)
 D - a wand of paralysis (7)
Scrolls
 b - 2 scrolls of blinking
 e - 2 scrolls of identify
 f - a scroll of poison
 g - a scroll of amnesia {unknown}
 k - a scroll of revelation {unknown}
 m - 6 scrolls of teleportation
 n - a scroll of fear {unknown}
 p - 2 scrolls of enchant armour {unknown}
 u - a scroll of enchant weapon {unknown}
 E - a scroll of fog {unknown}
 H - a scroll of brand weapon {unknown}
 J - 3 scrolls of immolation
Potions
 d - 5 potions of might
 i - 4 potions of enlightenment
 l - 6 potions of curing
 r - a potion of haste {unknown}
 s - a potion of berserk rage {unknown}
 t - a potion of lignification {unknown}
 v - 3 potions of mutation
 w - 2 potions of brilliance {unknown}
 x - a potion of cancellation {unknown}
 z - 2 potions of magic {unknown}
 G - 2 potions of invisibility {unknown}
 I - a potion of heal wounds {unknown}


   Skills:
 + Level 8.8 Fighting
 + Level 12.1 Axes
 + Level 10.0 Armour
 + Level 1.7 Dodging
 + Level 0.7 Stealth
 + Level 6.5 Shields
 + Level 2.0 Invocations


You had 9 spell levels left.
You didn't know any spells.
Your spell library contained the following spells:

 Spells                   Type           Power      Damage    Failure   Level
 Foxfire                  Conj/Fire      0%         2x1d4     93%         1
 Sublimation of Blood     Necr           0%         N/A       98%         2
 Wereblood                Tmut           0%         N/A       98%         2
 Gell's Gravitas          Tloc           0%         N/A       100%        3
 Portal Projectile        Hex/Tloc       0%         N/A       100%        3
 Teleport Other           Tloc           0%         N/A       100%        3
 Leda's Liquefaction      Hex/Erth       0%         N/A       100%        4
 Petrify                  Tmut/Erth      0%         N/A       100%        4
 Irradiate                Conj/Tmut      0%         3d11      100%        5
 Dispersal                Tloc           0%         N/A       100%        6
 Plasma Beam              Fire/Air       0%         2x1d10    100%        6
 Starburst                Conj/Fire      0%         6d3       100%        6
 Summon Small Mammal      Summ           Unusable   N/A       N/A         1
 Call Canine Familiar     Summ           Unusable   N/A       N/A         3
 Summon Guardian Golem    Hex/Summ       Unusable   N/A       N/A         3

Dungeon Overview and Level Annotations

Branches:
Dungeon (9/15)             Temple (1/1) D:4           Sewer (visited)
Ossuary (visited)
   Lair: D:8-11         Orc: D:9-12

Altars:
Ashenzari
Cheibriados
Dithmenos
Elyvilon
Fedhas
Gozag
Hepliaklqana
Kikubaaqudgha
Makhleb
Nemelex Xobeh
Okawaru
Qazlal
Ru
Sif Muna
Trog
Uskayaw
Vehumet
Wu Jian
Xom
Zin
The Shining One

Shops:
D:8 (


Innate Abilities, Weirdness & Mutations

You have a pair of horns on your head.
You reflexively headbutt those who attack you in melee.


Message History

The blast of calcifying dust hits you.
You have turned to stone.
You are engulfed in calcifying dust.
The catoblepas gores you but does no damage.
You are engulfed in calcifying dust.
The catoblepas gores you!!
You are engulfed in calcifying dust.
The catoblepas gores you!! The catoblepas gores you!! The catoblepas gores you!
The catoblepas breathes a plume of calcifying dust at you.
The blast of calcifying dust hits you.
You are engulfed in calcifying dust.
The catoblepas breathes a plume of calcifying dust at you.
The blast of calcifying dust hits you but does no damage.
You are engulfed in calcifying dust.
The catoblepas breathes a plume of calcifying dust at you.
The blast of calcifying dust hits you.
You are engulfed in calcifying dust.
The catoblepas gores you.
You turn to flesh and can move again.
You hit the catoblepas but do no damage.
The catoblepas is lightly wounded.
You are engulfed in calcifying dust.
The catoblepas gores you!
* * * LOW HITPOINT WARNING * * *
You slash the catoblepas! You headbutt the catoblepas!
The catoblepas is moderately wounded.
You are engulfed in calcifying dust.
The catoblepas breathes a plume of calcifying dust at you.
The blast of calcifying dust hits you but does no damage.
You hit the catoblepas.
The catoblepas is moderately wounded.
You are engulfed in calcifying dust.
You are slowing down.
The catoblepas gores you but does no damage.
You slice the catoblepas!! You headbutt the catoblepas.
The catoblepas is heavily wounded.
The catoblepas gores you!!
* * * LOW HITPOINT WARNING * * *
Your limbs are stiffening.
You hit the catoblepas.
The catoblepas is severely wounded.
The catoblepas gores you!!
You die...

#..##yD.####...##..
#.###yyT.TK..###.#
#..####...y#####.#
#...##########...#
#.....######.....#
#T###........##..#
#W# #####..####..#
#Y# #..# #..# #@#
#..# #..# #.# #..#
#..# #.# #..# #..#
#§# #..# ..# #.#
#.># #§# #.# #.#
#.#


You could see a catoblepas, a troll and a wraith.

Vanquished Creatures
  Pikel (D:5)
  2 hornets
  4 yaks (D:9)
  3 wyverns
  A steam dragon (D:7)
  Edmund (D:4)
  An acid dragon (D:9)
  2 water moccasins
  A black bear (D:6)
  An orc warrior (D:6)
  An ice beast (D:7)
  2 sky beasts (D:6)
  2 centaurs
  A lemure (D:5)
  A phantom (D:4)
  4 kobold brigands
  A gnoll sergeant (D:9)
  3 bullfrogs
  4 scorpions
  3 wights (D:9)
  3 killer bees (D:9)
  2 jellies (D:6)
  4 hounds
  2 human zombies (Ossuary)
  3 orc priests
  A gnoll bouda (D:6)
  5 iguanas
  2 orc wizards (D:6)
  4 mummies (Ossuary)
  17 gnolls
  10 adders
  2 river rats (Sewer)
  A shadow imp (D:7)
  2 white imps
  6 worms (Sewer)
  2 dart slugs
  11 orcs
  14 ball pythons
  6 bats
  5 endoplasms
  2 giant cockroaches
  9 goblins
  6 hobgoblins
  12 kobolds
  5 quokkas
  A frilled lizard (D:2)
  2 gnoll zombies (Ossuary)
  4 kobold zombies (Ossuary)
  10 rats
  A butterfly (D:5)
193 creatures vanquished.

Notes
Turn   | Place    | Note
-------+----------+-------------------------------------------
     0 | D:1      | Babbit the Minotaur Fighter began the quest for the Orb.
     0 | D:1      | Reached XP level 1. HP: 19/19 MP: 0/0
   210 | D:1      | Reached XP level 2. HP: 19/27 MP: 1/1
   564 | D:1      | Reached XP level 3. HP: 29/33 MP: 2/2
  1320 | D:2      | Reached XP level 4. HP: 10/40 MP: 3/3
  1325 | D:2      | Reached skill level 3 in Axes
  1790 | D:3      | Found a faded altar of an unknown god.
  2369 | D:4      | Reached skill level 4 in Axes
  2388 | D:4      | Reached XP level 5. HP: 42/47 MP: 4/4
  2406 | D:4      | Noticed Edmund
  2420 | D:4      | Killed Edmund
  2421 | D:4      | Reached skill level 5 in Armour
  2421 | D:4      | Reached skill level 1 in Dodging
  2520 | D:4      | Reached XP level 6. HP: 49/52 MP: 5/5
  2665 | D:4      | Reached skill level 5 in Axes
  2856 | D:4      | Found a staircase to the Ecumenical Temple.
  2880 | Temple   | Entered the Ecumenical Temple
  2895 | Temple   | Became a worshipper of Warmaster Okawaru
  2963 | D:4      | Reached skill level 5 in Fighting
  3235 | D:4      | Found a bloodstained altar of Trog.
  3253 | D:4      | Reached skill level 5 in Shields
  3253 | D:4      | Reached XP level 7. HP: 39/61 MP: 6/6
  3557 | D:5      | Entered Level 5 of the Dungeon
  3618 | D:5      | Reached skill level 6 in Axes
  3730 | D:5      | Found a glowing drain.
  3740 | Sewer    | Entered a sewer
  3812 | Sewer    | Reached * piety under Okawaru
  4077 | Sewer    | Reached skill level 7 in Axes
  4460 | Sewer    | Reached XP level 8. HP: 70/70 MP: 7/7
  4620 | D:5      | Found a broken altar of Ashenzari.
  4696 | D:5      | Noticed Pikel
  4708 | D:5      | Killed Pikel
  4709 | D:5      | Reached skill level 8 in Axes
  4938 | D:5      | Found a shimmering altar of Xom.
  5190 | D:6      | Reached skill level 9 in Axes
  5206 | D:6      | Reached ** piety under Okawaru
  5503 | D:6      | Reached skill level 1 in Invocations
  5513 | D:6      | Found a large runed translucent door.
  5513 | D:6      | Found a large runed translucent door.
  5524 | D:6      | Reached XP level 9. HP: 73/79 MP: 9/9
  6049 | D:6      | Found a stormy altar of Qazlal.
  6083 | D:6      | Found a snail-covered altar of Cheibriados.
  6146 | D:6      | Found a glowing golden altar of the Shining One.
  6315 | D:6      | Found a radiant altar of Vehumet.
  6456 | D:7      | Paralysed by a hornet for 1 turns
  6464 | D:7      | Reached skill level 10 in Axes
  7865 | D:8      | Found a sand-covered staircase.
  7880 | Ossuary  | Entered an ossuary
  7957 | Ossuary  | Reached skill level 11 in Axes
  8150 | D:8      | Found Suxud's Antique Weapon Boutique.
  9030 | D:9      | Reached XP level 10. HP: 62/88 MP: 7/10
  9189 | D:9      | Identified the +4 leather armour "Nistav" {Str+4}
  9225 | D:9      | Reached skill level 12 in Axes
  9226 | D:9      | Reached *** piety under Okawaru
  9433 | D:9      | Paralysed by a hornet for 1 turns
  9617 | D:9      | Noticed a catoblepas
  9621 | D:9      | Noticed a four-headed hydra
  9676 | D:9      | Reached skill level 10 in Armour
  9690 | D:9      | Slain by a catoblepas

Illustrated notes

Levels and vault maps discovered:
D:1:      eino_arrival_water_star, layout_basic
D:2:      layout_loops_corners
D:3:      layout_loops_ring, shapermc_ecumenical_altar_acropolis,
          dreamdust_mushroom_princess, kennysheep_generic_room_9
D:4:      layout_basic, trog_three_pillars_becter, minmay_temple_entry_junction,
          grunt_ministairs_9, uniq_edmund
D:5:      cheibrodos_helix_gallery, layout_basic, xom_butterflies,
          mainiacjoe_overflow_alcove_2, cheibrodos_sewer_entry_drain,
          hangedman_decor_opposing, hangedman_abyss_or_decor_stabs, uniq_pikel
D:6:      layout_loops_ring, jmf_multi_god_temple2,
          mainiacjoe_overflow_two_lobes, kennysheep_cluttered_room,
          roderic_three_in_a_row
D:7:      layout_basic
D:8:      layout_basic, serial_shops, nicolae_shop_hallway_plus, enter_ossuary_1
D:9:      layout_long_grid, minmay_mirror_moons_of_madness
Temple:   eino_temple_water

Skill      XL: |  1  2  3  4  5  6  7  8  9 10 |
---------------+-------------------------------+-----
Shields        | 4 5 6 |  6.5
Armour         | 4 5 6 7 9 10 | 10.0
Fighting       | 4 5 6 7 8 |  8.8
Axes           | 4 5 7 9 11 12 | 12.1
Dodging        | 1 |  1.7
Invocations    | 1 2 |  2.0
Stealth        | |  0.7

Action                     |  1- 3 |  4- 6 |  7- 9 | 10-12 || total
---------------------------+-------+-------+-------+-------++-------
  Melee: War axe           |    75 |   113 |   381 |    55 ||   624
         Headbutt          |     8 |    19 |    66 |    19 ||   112
 Invoke: Heroism           |       |       |     7 |     2 ||     9
    Use: Scroll            |     2 |     3 |     3 |       ||     8
         Potion            |     1 |       |       |     1 ||     2
   Stab: Petrified         |       |       |       |     5 ||     5
 Armour: Scale mail        |    29 |       |       |       ||    29
         Plate armour      |    12 |    65 |   161 |    31 ||   269
  Dodge: Dodged            |    38 |    38 |   115 |    17 ||   208
  Block: Buckler           |    18 |    24 |    88 |    19 ||   149

Table legend: (Time is in decaauts)
 A = Elapsed time spent in this place.
 B = Non-inter-level travel time spent in this place.
 C = Inter-level travel time spent in this place.
 D = Time resting spent in this place.
 E = Time spent auto-exploring this place.
 F = Levels seen in this place.
 G = Mean time per level.
                   A        B        C        D        E       F      G
               +--------+--------+--------+--------+--------+-----+--------+
         Total |   9926 |   9619 |    307 |   1375 |   6528 |  12 |  827.2 |
       Dungeon |   8667 |   8360 |    307 |   1331 |   5881 |   9 |  963.0 |
        Temple |     32 |     32 |      0 |      0 |      0 |   1 |   32.0 |
         Sewer |    967 |    967 |      0 |     44 |    647 |   1 |  967.0 |
       Ossuary |    258 |    258 |      0 |      0 |      0 |   1 |  258.0 |
               +--------+--------+--------+--------+--------+-----+--------+

Top non-repeatable levels by time:
     D:6: 1277 daAuts
     D:4: 1191 daAuts
     D:7: 1024 daAuts
     D:9: 1015 daAuts
   Sewer: 967 daAuts
     D:2: 930 daAuts
     D:8: 921 daAuts
     D:5: 837 daAuts
     D:1: 796 daAuts
     D:3: 673 daAuts
 Ossuary: 258 daAuts
  Temple: 32 daAuts
